 Dungeon Crawl Stone Soup version 0.27-a0-343-gfcad680f63 (webtiles) character file.

Game seed: 9860333952070176911

885 jestyr24 the Chopper (level 7, -4/63 HPs)
             Began as a Minotaur Abyssal Knight on Feb 15, 2021.
             Was a Believer of Lugonu.
             Slain by a sky beast (5 damage)
             ... on level 5 of the Dungeon.
             The game lasted 00:14:56 (4119 turns).

jestyr24 the Chopper (Minotaur Abyssal Knight)      Turns: 4119, Time: 00:14:57

Health: -4/63      AC: 13    Str: 21    XL:     7   Next: 76%
Magic:  7/7        EV:  7    Int:  9    God:    Lugonu [**....]
Gold:   3          SH: 12    Dex: 10    Spells: 6/6 levels left

rFire    + . .     SeeInvis .   l - +2 hand axe (elec)
rCold    . . .     Faith    .   t - +0 tower shield
rNeg     + . .     Spirit   .   q - +2 ring mail {rF+}
rPois    +         Reflect  .   (helmet restricted)
rElec    .         Harm     .   (no cloak)
rCorr    .         Rampage  .   w - +0 pair of gloves of Analysis {*Drain rPois rN+ Str+3}
Will     .....                  (no boots)
Stlth    ..........             (no amulet)
HPRegen  0.20/turn              g - +4 ring of protection
MPRegen  0.10/turn              (no ring)

@: mighty
A: retaliatory headbutt, horns 2
a: Renounce Religion, Depart the Abyss, Bend Space


You were on level 5 of the Dungeon.
You worshipped Lugonu.
Lugonu was pleased with you.
You visited 1 branch of the dungeon, and saw 5 of its levels.
You visited the Abyss 1 time.

You collected 259 gold pieces.
You spent 256 gold pieces at shops.

Inventory:

Hand Weapons
 l - a +2 hand axe of electrocution (weapon)
Missiles
 u - 24 poisoned darts
Armour
 j - a +0 chain mail
 q - a +2 ring mail of fire resistance (worn)
 t - a +0 tower shield (worn)
 w - the +0 pair of gloves of Analysis (worn) {*Drain rPois rN+ Str+3}
   (You bought it in a shop on level 4 of the Dungeon)

   It affects your strength (+3).
   It protects you from poison.
   It protects you from negative energy.
   It causes draining when unequipped.
Jewellery
 g - a +4 ring of protection (left hand)
Wands
 o - a wand of charming (7)
 p - a wand of mindburst (22)
 v - a wand of paralysis (9)
Scrolls
 b - 2 scrolls of enchant weapon {unknown}
 c - 2 scrolls of teleportation {unknown}
 d - 8 scrolls of identify {unknown}
 f - 4 scrolls of magic mapping {unknown}
 h - a scroll of noise {unknown}
 m - a scroll of amnesia {unknown}
Potions
 e - 2 potions of ambrosia {unknown}
 i - a potion of curing {unknown}
 k - a potion of invisibility {unknown}
 n - a potion of brilliance {unknown}
 r - 3 potions of heal wounds {unknown}
 s - a potion of resistance {unknown}


   Skills:
 + Level 6.2 Fighting
 + Level 7.1 Axes
 + Level 5.7 Armour
 + Level 2.7 Dodging
 - Level 0.1 Stealth
 + Level 0.9 Shields
 + Level 2.3 Invocations


You had 6 spell levels left.
You didn't know any spells.
Your spell library contained the following spells:

 Spells                   Type           Power        Failure   Level
 Foxfire                  Conj/Fire      0%           100%        1
 Conjure Flame            Conj/Fire      0%           100%        3
 Inner Flame              Hex/Fire       0%           100%        3
 Sticky Flame             Conj/Fire      0%           100%        4
 Fireball                 Conj/Fire      0%           100%        5


Dungeon Overview and Level Annotations

Branches:
Dungeon (5/15)
 Temple: D:4-7

Altars:
Cheibriados
Fedhas
Gozag
Uskayaw
Wu Jian
Xom

Shops:
D:4 [


Innate Abilities, Weirdness & Mutations

You reflexively headbutt those who attack you in melee.
You have a pair of horns on your head.


Message History

The orc is lightly wounded.
The orc hits you but does no damage.
A sky beast appears from thin air!
Reactivating autopickup.
You slash the orc!
You kill the orc!
Lugonu accepts your kill.
You barely miss the sky beast.
The sky beast flickers out of sight!
Deactivating autopickup; reactivate with Ctrl-A.
Something hits you.
* * * LOW HITPOINT WARNING * * *
Something shocks you.
* * * LOW HITPOINT WARNING * * *
Something hits you but does no damage.
You hit something but do no damage. You headbutt something.
Something completely misses you.
Your shield prevents you from hitting something.
Something hits you.
* * * LOW HITPOINT WARNING * * *
Something shocks you.
* * * LOW HITPOINT WARNING * * *
Something hits you but does no damage.
You closely miss something. Something hits you but does no damage.
You closely miss something. You block something's attack.
You completely miss something.
A sky beast appears from thin air!
Reactivating autopickup.
The sky beast hits you but does no damage. x2
You hit the sky beast. Your headbutt misses the sky beast.
The sky beast is lightly wounded.
The sky beast hits you but does no damage.
You hit the sky beast but do no damage.
The sky beast is lightly wounded.
The sky beast flickers out of sight!
Deactivating autopickup; reactivate with Ctrl-A.
Something hits you but does no damage. x2
It was a potion of might.
You feel very mighty all of a sudden. Something hits you.
* * * LOW HITPOINT WARNING * * *
Something shocks you.
You die...

######## #......#
####......###
#.........{.# #
#.........#@#
##.###ยง!.......#.#
...).....#######.#
...)##...# #.# ...)
###.#######.# ....
#.#.......# ....
#.#.......# ###+
#.#......##
#.#......#


There were no monsters in sight!

Vanquished Creatures
  Sigmund (D:2)
  Duvessa (D:4)
  An ogre (D:5)
  A centaur (D:5)
  Dowan (D:4)
  2 howler monkeys
  An orc priest (D:5)
  Terence (D:2)
  4 worker ants
  3 orc wizards
  2 adders (D:2)
  5 worms
  2 dart slugs
  6 leopard geckos
  7 orcs
  3 giant cockroaches
  6 goblins
  7 hobgoblins
  7 jackals (D:4)
  A quokka (D:4)
  6 bats
  4 frilled lizards
  8 kobolds
  7 rats
87 creatures vanquished.

Notes
Turn   | Place    | Note
-------+----------+-------------------------------------------
     0 | Abyss:1  | jestyr24 the Minotaur Abyssal Knight began the quest for
                  | the Orb.
     0 | Abyss:1  | Reached XP level 1. HP: 19/19 MP: 1/1
    76 | Abyss:1  | Noticed a starcursed mass
   106 | D:1      | Escaped the Abyss
   565 | D:1      | Reached XP level 2. HP: 22/27 MP: 2/2
   929 | D:1      | Reached * piety under Lugonu
  1267 | D:1      | Reached XP level 3. HP: 34/34 MP: 3/3
  1538 | D:2      | Reached skill level 3 in Axes
  1606 | D:2      | You fall into a shaft and drop 1 floor!
  1839 | D:2      | Noticed Terence
  1852 | D:2      | Reached skill level 5 in Fighting
  1859 | D:2      | Killed Terence
  1860 | D:2      | Reached XP level 4. HP: 20/42 MP: 4/4
  2038 | D:2      | Found an opulent altar of Gozag.
  2076 | D:2      | Noticed Sigmund
  2091 | D:2      | Killed Sigmund
  2092 | D:2      | Reached skill level 4 in Axes
  2092 | D:2      | Reached XP level 5. HP: 31/48 MP: 5/5
  2198 | D:2      | Found a snail-covered altar of Cheibriados.
  2404 | D:3      | Reached XP level 6. HP: 46/56 MP: 6/6
  2570 | D:3      | Reached ** piety under Lugonu
  2645 | D:3      | Found a hide-covered altar of Uskayaw.
  2692 | D:3      | Found an ornate altar of the Wu Jian Council.
  2781 | D:3      | Found a blossoming altar of Fedhas.
  3026 | D:4      | Reached skill level 5 in Axes
  3207 | D:4      | Noticed Duvessa
  3207 | D:4      | Noticed Dowan
  3222 | D:4      | Killed Duvessa
  3223 | D:4      | Reached skill level 5 in Armour
  3223 | D:4      | Reached XP level 7. HP: 37/62 MP: 5/7
  3224 | D:4      | Killed Dowan
  3225 | D:4      | Reached skill level 6 in Axes
  3428 | D:4      | Found a shimmering altar of Xom.
  3931 | D:4      | Found Sudeimn's Antique Armour Emporium.
  3935 | D:4      | Bought a pair of spiked gloves for 256 gold pieces
  3940 | D:4      | Identified the +0 pair of gloves of Analysis {*Drain rPois
                  | rN+ Str+3} (You bought it in a shop on level 4 of the
                  | Dungeon)
  4034 | D:5      | Entered Level 5 of the Dungeon
  4092 | D:5      | Reached skill level 7 in Axes
  4113 | D:5      | HP: 3/63 [something (6)]
  4119 | D:5      | HP: 1/63 [something (4)]
  4119 | D:5      | Slain by a sky beast

Illustrated notes

Levels and vault maps discovered:
D:1:      dpeg_arrival_arbitrary_c, layout_loops_ring, minmay_misc_feat_plants,
          hangedman_decor_push
D:2:      layout_rooms, grunt_gozag_breadcrumbs, kennysheep_slug_shrine,
          minmay_misc_feat_tiny, uniq_terence, uniq_sigmund
D:3:      layout_rooms, lemuel_doored_altar, lemuel_round_altar,
          marbit_many_paths, columned_hall_lemuel
D:4:      layout_basic, xom_butterflies, serial_shops, shop, st_stairs_4,
          tgw_sif, uniq_duvessa
D:5:      layout_basic, bloody_trog, minmay_temple_entry_offerings,
          portal_sewer_entry_d

Skill      XL: |  1  2  3  4  5  6  7 |
---------------+----------------------+-----
Fighting       | 4 5 6 |  6.2
Invocations    | 2 |  2.3
Axes           | 3 4 5 7 |  7.1
Armour         | 3 4 5 |  5.7
Dodging        | 2 |  2.7
Stealth        | |  0.1
Shields        | |  0.9

Action                   |  1- 3 |  4- 6 |  7- 9 || total
-------------------------+-------+-------+-------++-------
Melee: Hand axe          |    91 |    73 |    50 ||   214
       Headbutt          |    10 |     8 |    10 ||    28
Invok: Depart the Abyss  |     1 |       |       ||     1
       Bend Space        |       |     1 |       ||     1
  Use: Potion            |       |       |     1 ||     1
Armor: Leather armour    |    13 |       |       ||    13
       Chain mail        |    36 |    10 |       ||    46
       Ring mail         |       |    24 |    30 ||    54
Dodge: Dodged            |    39 |    35 |    15 ||    89
Block: Tower shield      |       |       |    29 ||    29

Table legend: (Time is in decaauts)
 A = Elapsed time spent in this place.
 B = Non-inter-level travel time spent in this place.
 C = Inter-level travel time spent in this place.
 D = Time resting spent in this place.
 E = Time spent auto-exploring this place.
 F = Levels seen in this place.
 G = Mean time per level.
                   A        B        C        D        E       F      G
               +--------+--------+--------+--------+--------+-----+--------+
         Total |   4157 |   4062 |     95 |    828 |   2014 |   6 |  692.8 |
       Dungeon |   4050 |   3955 |     95 |    828 |   2014 |   5 |  810.0 |
         Abyss |    106 |    106 |      0 |      0 |      0 |   1 |  106.0 |
               +--------+--------+--------+--------+--------+-----+--------+

Top non-repeatable levels by time:
     D:1: 1269 daAuts
     D:4: 1153 daAuts
     D:2: 875 daAuts
     D:3: 656 daAuts
 Abyss:1: 106 daAuts
     D:5: 95 daAuts
